Map: Одиссея РВ

Players

ИИ 1 (новичок)

  • Race: Terran Terran
  • Spawn Location: 5:00

Doll - Winner!

  • Race: Zerg Zerg
  • Spawn Location: 11:00

VOD

Have the link to the VOD?

Description

Time

  • Played on: April 20, 2021, 2:01 p.m.
  • Length: 13:21
Show
View Real Time Build Order
Export as new Build Order

ИИ 1 (новичок) Terran 

Build Orders: Reaper Expand 

Get SALT Encoding   

  12  0:00  SCV  
  13  0:13  SCV  
  14  0:19  Supply Depot  
  14  0:46  Barracks  
  14  1:07  Command Center  
  14  1:33  Marine  
  14  1:34  Orbital Command, Supply Depot  
  14  1:38  Refinery  
  15  1:49  Refinery  
  15  2:00  SCV  
  16  2:12  SCV  
  17  2:18  Reaper  
  17  2:19  SCV  
  19  2:26  SCV  
  20  2:33  SCV  
  21  2:40  SCV  
  22  2:47  SCV  
  22  2:49  Refinery  
  23  2:54  SCV  
  24  3:02  SCV  
  24  3:03  Marine  
  26  3:09  SCV  
  27  3:16  Factory, SCV  
  27  3:41  Refinery  
  27  3:42  SCV  
  28  3:49  Marine, SCV  
  30  3:56  SCV  
  30  4:02  Starport  
  31  4:03  SCV  
  31  4:07  Supply Depot  
  32  4:11  SCV  
  33  4:18  SCV  
  34  4:25  SCV  
  35  4:32  SCV  
  35  4:35  Marine  
  37  4:40  Starport Tech Lab, SCV  
  38  4:47  SCV  
  38  4:51  Supply Depot  
  39  4:54  SCV  
  39  4:58  Raven  
  42  5:01  SCV  
  43  5:08  SCV  
  44  5:15  SCV  
  44  5:20  Marine  
  46  5:23  SCV  
  47  5:30  SCV  
  48  5:40  Raven  
  50  6:07  Reaper  
  51  6:39  Barracks Tech Lab  
  51  7:00  Marauder  
  53  11:21  Medivac  
  53  11:22  Marauder  
  53  11:24  Supply Depot  
  57  11:33  Command Center  
  57  11:51  Medivac  
  57  11:52  Reaper  
  47  12:21  Raven  
  49  12:24  Marine  
  50  12:33  Supply Depot  
  37  12:37  SCV  
  37  12:42  Reaper  
  28  12:49  SCV  
  27  12:51  SCV  
  15  13:01  SCV  
  9  13:06  SCV  
  10  13:13  Refinery  
  10  13:17  Starport  
Show
View Real Time Build Order
Export as new Build Order

Doll Zerg - Winner!

Build Orders: Pool First 

Get SALT Encoding   

  12  0:01  Drone  
  13  0:12  Overlord  
  13  0:16  Drone  
  14  0:31  Drone x2  
  16  0:36  Drone  
  17  0:48  Spawning Pool  
  17  0:49  Drone  
  17  0:54  Extractor  
  16  0:58  Drone  
  17  1:08  Drone  
  18  1:18  Drone  
  19  1:35  Queen, Zergling x2  
  22  1:40  Roach Warren, Overlord  
  21  1:53  Overlord  
  21  2:01  Drone  
  21  2:06  Extractor  
  21  2:11  Lair  
  21  2:15  Drone  
  22  2:22  Spine Crawler  
  21  2:26  Roach  
  21  2:28  Spine Crawler  
  22  2:34  Roach  
  24  2:43  Roach  
  24  2:44  Roach  
  28  2:46  Roach  
  30  2:54  Roach  
  32  2:58  Zergling x2  
  33  3:07  Drone  
  34  3:23  Spire  
  34  3:26  Drone  
  34  3:30  Drone  
  35  3:35  Drone  
  35  3:39  Drone  
  37  3:43  Drone  
  38  3:52  Overlord  
  38  4:16  Hatchery  
  37  4:22  Drone x2  
  40  4:24  Drone  
  40  4:27  Drone  
  41  4:36  Mutalisk  
  43  4:42  Mutalisk  
  45  4:53  Overlord  
  45  5:04  Overlord  
  45  5:12  Mutalisk x2  
  49  5:16  Mutalisk  
  49  5:19  Queen  
  53  5:28  Mutalisk  
  53  5:32  Mutalisk  
  57  5:38  Drone  
  57  5:39  Drone  
  59  5:48  Mutalisk  
  61  5:50  Drone  
  62  5:58  Queen  
  62  6:03  Queen  
  66  6:07  Drone  
  66  6:08  Drone  
  68  6:12  Overlord  
  68  6:22  Spine Crawler  
  68  6:25  Spine Crawler  
  66  6:26  Drone  
  66  6:28  Drone  
  68  6:33  Drone  
  68  6:35  Drone x2  
  68  6:37  Drone  
  72  6:40  Drone  
  72  6:43  Drone  
  72  6:45  Drone  
  75  6:47  Drone  
  75  6:52  Overlord  
  76  6:55  Glial Reconstitution  
  76  6:59  Metabolic Boost  
  76  7:07  Overlord  
  76  7:08  Pneumatized Carapace  
  76  7:12  Mutalisk  
  78  7:18  Mutalisk  
  78  7:21  Drone x4  
  84  7:25  Drone  
  84  7:26  Drone x2  
  87  7:30  Extractor  
  87  7:31  Drone x2  
  87  7:32  Extractor  
  87  7:33  Drone  
  87  7:34  Drone  
  87  7:36  Drone  
  90  7:44  Infestation Pit  
  90  7:45  Drone  
  90  7:46  Spore Crawler, Drone  
  90  7:49  Overlord  
  90  7:51  Overseer  
  90  7:57  Overlord  
  90  7:59  Overseer  
  90  8:09  Hydralisk Den  
  90  8:10  Roach x2  
  90  8:12  Zergling x2  
  94  8:13  Zergling x4  
  96  8:21  Roach  
  96  8:23  Roach  
  96  8:25  Roach  
  102  8:27  Hatchery  
  102  8:30  Drone  
  102  8:31  Drone x2  
  102  8:32  Drone  
  106  8:34  Ravager x2  
  106  8:38  Ravager  
  108  8:43  Overlord x2  
  108  8:52  Hive  
  108  9:03  Zergling x4  
  108  9:04  Zergling x6  
  108  9:05  Baneling Nest  
  108  9:09  Roach  
  114  9:10  Hydralisk  
  114  9:14  Queen  
  114  9:15  Hydralisk  
  120  9:18  Ravager  
  120  9:22  Ravager  
  122  9:24  Drone  
  122  9:25  Drone  
  122  9:27  Overlord  
  124  9:33  Overlord  
  124  9:39  Drone x3  
  124  9:42  Drone  
  128  9:46  Drone  
  128  9:47  Drone  
  128  9:50  Queen  
  132  10:02  Extractor x2  
  132  10:04  Hydralisk  
  132  10:05  Spine Crawler, Hydralisk x2  
  132  10:06  Spine Crawler, Hydralisk  
  136  10:08  Zergling x2  
  136  10:09  Zergling x2  
  136  10:11  Hydralisk  
  136  10:13  Hydralisk  
  140  10:16  Zergling x2  
  140  10:19  Queen  
  145  10:23  Greater Spire  
  145  10:25  Overlord  
  145  10:27  Overlord  
  145  10:31  Drone  
  146  10:38  Evolution Chamber  
  145  10:43  Evolution Chamber x2  
  145  10:44  Mutalisk x2  
  145  10:45  Mutalisk  
  145  10:47  Drone  
  145  10:48  Drone  
  145  10:49  Drone  
  152  10:51  Drone  
  152  10:55  Mutalisk  
  155  10:57  Mutalisk  
  155  11:01  Overlord  
  155  11:02  Drone  
  158  11:04  Drone  
  158  11:06  Zergling x2  
  158  11:09  Zerg Melee Weapons Level 1  
  160  11:13  Zerg Ground Armor Level 1  
  160  11:17  Zerg Missile Weapons Level 1  
  160  11:19  Overlord  
  160  11:22  Mutalisk  
  160  11:25  Mutalisk  
  162  11:29  Ravager  
  162  11:30  Ravager  
  162  11:32  Roach x2  
  170  11:33  Overlord  
  170  11:38  Roach  
  170  11:39  Roach  
  174  11:41  Roach  
  174  11:43  Roach  
  174  11:46  Overlord  
  178  11:47  Overlord  
  178  11:55  Roach x2  
  178  11:56  Roach x2  
  185  12:07  Roach  
  189  12:08  Roach  
  189  12:11  Roach  
  189  12:15  Hatchery  
Tags
 
Add a new tag
Caveats
  • Supply blocks, unpowered buildings, or Contaminate may cause inaccurate times.
  • Supply counts are checked every 10 seconds.